 Dungeon Crawl Stone Soup version 0.22-a0-282-gdd34a7d (webtiles) character file.

2695 Amnesiac the Slicer (level 9, 0/52 HPs)
             Began as a Deep Elf Enchanter on Mar 17, 2018.
             Was a Follower of Ashenzari.
             Slain by a two-headed ogre
             ... wielding a +0 giant spiked club
              (30 damage)
             ... on level 8 of the Dungeon on Mar 18, 2018.
             The game lasted 00:20:21 (8704 turns).

Amnesiac the Slicer (Deep Elf Enchanter)            Turns: 8704, Time: 00:20:22

Health: 0/52       AC:  4    Str:  5    XL:     9   Next: 38%
Magic:  0/19       EV: 14    Int: 23    God:    Ashenzari [*.....]
Gold:   82         SH:  0    Dex: 16    Spells: 7/19 levels left

rFire    . . .     SeeInvis .   u - +2 rapier (elec) (curse)
rCold    . . .     Gourm    .   (no shield)
rNeg     . . .     Faith    .   D - +1 robe of Enapsoes {Stlth+} (curse)
rPois    .         Spirit   +   y - +0 helmet (curse)
rElec    .         Reflect  .   c - scarf {Spirit} (curse)
rCorr    .         Harm     .   (no gloves)
MR       .....                  (no boots)
Stlth    ++++......             (no amulet)
HPRegen  0.17/turn              (no ring)
MPRegen  0.16/turn              (no ring)

@: no status effects
A: no striking features
a: Curse Item, Scrying, Renounce Religion


You were on level 8 of the Dungeon.
You worshipped Ashenzari.
Ashenzari was aware of your devotion.
You were not hungry.

You visited 1 branch of the dungeon, and saw 8 of its levels.

You collected 452 gold pieces.
You spent 370 gold pieces at shops.

Inventory:

Hand Weapons
 u - a cursed +2 rapier of electrocution (weapon)
Armour
 c - a cursed scarf of spirit shield (worn)
 y - a cursed +0 helmet (worn)
 B - a +0 shield
 D - the cursed +1 robe of Enapsoes (worn) {Stlth+}
   (You bought it in a shop on level 4 of the Dungeon)

   It makes you more stealthy.
   It has a curse placed upon it.
Wands
 v - a wand of disintegration (7)
 x - a wand of polymorph (17)
 A - a wand of scattershot (12)
Scrolls
 b - a scroll of amnesia {!r, unknown}
 e - 17 scrolls of identify {!r, unknown}
 f - 2 scrolls of enchant weapon {!r, unknown}
 g - 2 scrolls of remove curse {!r}
 h - 3 scrolls of fear {!r, unknown}
 j - 6 scrolls of teleportation {!r, unknown}
 m - a scroll of immolation {!r, unknown}
 p - 2 scrolls of noise {!r, unknown}
 s - a scroll of random uselessness {!r, unknown}
 t - a scroll of magic mapping {!r, unknown}
 w - a scroll of fog {!r, unknown}
 z - 2 scrolls of blinking {!r, unknown}
Potions
 i - a potion of degeneration {!q, unknown}
 k - a potion of ambrosia {!q, unknown}
 l - 4 potions of heal wounds {!q}
 n - 3 potions of mutation {!q, unknown}
 o - a potion of lignification {!q, unknown}
 q - a potion of flight {!q, unknown}
 r - a potion of haste {!q}
 C - a potion of brilliance {!q, unknown}
Comestibles
 a - 7 chunks of flesh
 d - 14 rations


   Skills:
 - Level 4.1 Fighting
 - Level 8.0 Short Blades
 - Level 4.1 Dodging
 + Level 5.9 Stealth
 - Level 4.2 Shields
 + Level 5.8 Spellcasting
 + Level 5.7 Hexes


You had 7 spell levels left.
You knew the following spells:

 Your Spells              Type           Power        Failure   Level  Hunger
a - Ensorcelled Hibernat  Hex/Ice        ###...       4%          2    None
b - Corona                Hex            ####...      1%          1    None
d - Dazzling Spray        Conj/Hex       ###...       8%          3    #......
e - Confuse               Hex            ####....     2%          3    #......
w - Tukima's Dance        Hex            ####....     2%          3    #......


Dungeon Overview and Level Annotations

Branches:
Dungeon (8/15)             Temple (0/1) D:6
   Lair: D:8-11

Altars:
Ashenzari
Cheibriados
Elyvilon
Gozag
Okawaru
Qazlal
Trog

Shops:
D:4 [!%*   D:5 :


Message History

You kill the worker ant!
You hit the hound skeleton.
The hound skeleton is lightly damaged.
The hound skeleton bites you.
Casting: Ensorcelled Hibernation (safe; 4% risk of failure)
Confirm with . or Enter, or press ? or * to list all spells.
Aiming: Confuse (safe; 2% risk of failure)
Press: ? - help, Shift-Dir - straight line, f - hound skeleton
Aim: a hound skeleton (lightly damaged, chance to defeat MR: 74%)
The hound skeleton appears confused.
The hound skeleton barely misses the two-headed ogre.
The hound skeleton bites the two-headed ogre.
The hound skeleton barely misses the two-headed ogre.
You start resting.
Casting: Confuse (safe; 2% risk of failure)
Confirm with . or Enter, or press ? or * to list all spells.
Aiming: Tukima's Dance (safe; 2% risk of failure)
Press: ? - help, Shift-Dir - straight line, f - two-headed ogre
Aim: a two-headed ogre, wielding a giant club and a giant spiked club (chance to defeat MR: 55%)
The two-headed ogre resists with significant effort.
Casting: Tukima's Dance (safe; 2% risk of failure)
Confirm with . or Enter, or press ? or * to list all spells.
Aiming: Tukima's Dance (safe; 2% risk of failure)
Press: ? - help, Shift-Dir - straight line, f/p - two-headed ogre
Aim: a two-headed ogre, wielding a giant club and a giant spiked club (chance to defeat MR: 55%)
The two-headed ogre resists with significant effort.
Casting: Tukima's Dance (safe; 2% risk of failure)
Confirm with . or Enter, or press ? or * to list all spells.
Aiming: Tukima's Dance (safe; 2% risk of failure)
Press: ? - help, Shift-Dir - straight line, f/p - two-headed ogre
Aim: a two-headed ogre, wielding a giant club and a giant spiked club (chance to defeat MR: 55%)
You miscast Tukima's Dance.
You are very lightly contaminated with residual magic.
Your hands glow momentarily.
Casting: Tukima's Dance (safe; 2% risk of failure)
Confirm with . or Enter, or press ? or * to list all spells.
You don't have enough magic to cast that spell.
Firing (i - inventory) No suitable missiles.
Press: ? - help, Shift-Dir - straight line, f/p - two-headed ogre
Aim: a two-headed ogre, wielding a giant club and a giant spiked club
Okay, then.
You see here 15 gold pieces.
You now have 82 gold pieces (gained 15).
There is an open door here.
There is a stone staircase leading down here.
Things that are here:
a +0 flail; an orc skeleton
Casting: Tukima's Dance (safe; 2% risk of failure)
Confirm with . or Enter, or press ? or * to list all spells.
Aiming: Tukima's Dance (safe; 2% risk of failure)
Press: ? - help, Shift-Dir - straight line, f/p - two-headed ogre
Aim: a two-headed ogre, wielding a giant club and a giant spiked club (chance to defeat MR: 55%)
The giant club dances into the air!
Things that are here:
a +0 hand axe; a +0 club; a +0 flail
Things that are here:
a +0 dagger; a +0 robe Your magical contamination has completely faded away.
You completely miss the two-headed ogre.
The two-headed ogre wields a giant spiked club.
The two-headed ogre hits you with a giant spiked club!
The two-headed ogre hits you with a giant spiked club!!
Ouch! That really hurt!
You die...

###### #....# #....#
#....# ### #....+ ...
#########....########
#...@O.)()>..'.......
#.########...########
#.# #...# # #.# #...#
# #.# #...# # #.#
#...# # #.# #...# #
#.# #...# # #.# #...#
#


You could see a two-headed ogre and a friendly giant club.

Vanquished Creatures
  Sigmund (D:3)
  A wyvern (D:8)
  A necrophage (D:5)
  2 orc warriors
  An ice beast (D:8)
  2 phantoms
  2 sky beasts (D:8)
  2 ogres
  A centaur (D:5)
  2 bullfrogs
  Blork the orc (D:4)
  4 scorpions
  3 killer bees
  A howler monkey (D:5)
  3 crimson imps
  A hound (D:6)
  3 orc priests
  Ijyb (D:3)
  2 iguanas (D:7)
  6 orc wizards
  9 worker ants
  6 gnolls
  6 adders
  2 oozes
  An adder skeleton (D:6)
  A worm (D:2)
  A dart slug (D:4)
  4 leopard geckos
  18 orcs
  9 bats
  6 giant cockroaches
  5 goblins
  9 hobgoblins
  8 jackals
  7 kobolds
  2 quokkas
  3 ball pythons
  A ball python skeleton (D:4)
  6 frilled lizards
  A jackal zombie (D:5)
  2 leopard gecko skeletons
  3 quokka skeletons
  A quokka zombie (D:6)
  8 rats
159 creatures vanquished.

Vanquished Creatures (collateral kills)
  3 gnolls
3 creatures vanquished.

Vanquished Creatures (others)
  A dancing weapon (D:4)
  A quokka (D:7)
2 creatures vanquished.

Grand Total: 164 creatures vanquished

Notes
Turn   | Place    | Note
-------+----------+-------------------------------------------
     0 | D:1      | Amnesiac the Deep Elf Enchanter began the quest for the Orb.
     0 | D:1      | Reached XP level 1. HP: 10/10 MP: 6/6
   321 | D:1      | Reached skill level 1 in Fighting
   321 | D:1      | Reached XP level 2. HP: 15/16 MP: 6/8
   636 | D:1      | Learned a level 2 spell: Ensorcelled Hibernation
  1011 | D:1      | Reached XP level 3. HP: 19/21 MP: 7/10
  1016 | D:1      | Learned a level 3 spell: Confuse
  1020 | D:1      | Learned a level 3 spell: Tukima's Dance
  2581 | D:2      | Reached XP level 4. HP: 27/27 MP: 9/12
  3419 | D:3      | Noticed Ijyb
  3612 | D:3      | Found a shattered altar of Ashenzari.
  3684 | D:3      | Became a worshipper of Ashenzari the Shackled
  3874 | D:3      | Killed Ijyb
  3874 | D:3      | Reached XP level 5. HP: 32/32 MP: 7/13
  3922 | D:3      | Noticed Sigmund
  4108 | D:3      | Killed Sigmund
  4108 | D:3      | Reached XP level 6. HP: 37/37 MP: 10/14
  4113 | D:3      | Learned a level 3 spell: Dazzling Spray
  4370 | D:4      | Found Imisio's Assorted Antiques.
  4370 | D:4      | Found Filles's Distillery.
  4372 | D:4      | Found Fyxzifoh's Food Boutique.
  4374 | D:4      | Found Gaxkiewa's Armour Boutique.
  4377 | D:4      | Bought a scroll labeled BUZAOH ORIWERA for 24 gold pieces
  4377 | D:4      | Bought a lumpy inky potion for 21 gold pieces
  4411 | D:4      | Found an opulent altar of Gozag.
  4515 | D:4      | Bought a helmet for 108 gold pieces
  4621 | D:4      | Reached skill level 2 in Short Blades
  4906 | D:4      | HP: 1/38 [orc priest/divine providence (14)]
  4991 | D:4      | Found a bloodstained altar of Trog.
  5028 | D:4      | HP: 1/38 [poisoned by a worker ant]
  5286 | D:4      | Reached XP level 7. HP: 33/42 MP: 13/16
  5364 | D:4      | Reached skill level 5 in Spellcasting
  5392 | D:4      | Found a stormy altar of Qazlal.
  5392 | D:4      | Found an iron altar of Okawaru.
  5545 | D:4      | Found a snail-covered altar of Cheibriados.
  5655 | D:4      | Noticed Blork the orc
  5667 | D:4      | Killed Blork the orc
  5667 | D:4      | Reached skill level 5 in Stealth
  6121 | D:5      | Entered Level 5 of the Dungeon
  6139 | D:5      | Found Ahinekk's Book Shoppe.
  6191 | D:5      | Reached skill level 5 in Hexes
  6331 | D:5      | Reached skill level 3 in Short Blades
  6488 | D:5      | Reached skill level 4 in Short Blades
  6520 | D:5      | Reached XP level 8. HP: 36/47 MP: 17/17
  6814 | D:6      | Found a staircase to the Ecumenical Temple.
  6821 | D:6      | Reached skill level 5 in Short Blades
  6961 | D:6      | Reached skill level 6 in Short Blades
  7170 | D:6      | Reached * piety under Ashenzari
  7567 | D:7      | Reached skill level 7 in Short Blades
  7745 | D:7      | Reached skill level 8 in Short Blades
  7792 | D:7      | Reached skill level 1 in Shields
  7942 | D:7      | Found a white marble altar of Elyvilon.
  7955 | D:7      | Reached XP level 9. HP: 35/52 MP: 11/18
  8364 | D:4      | Bought the +1 robe of Enapsoes {Stlth+} for 217 gold pieces
  8480 | D:8      | Identified the +7 lajatang of War {protect, Str+2 Dex+8}
  8652 | D:8      | Noticed a two-headed ogre
  8704 | D:8      | Slain by a two-headed ogre

Vault maps used:
D:1:      saegor_arrival_simple_d, minmay_misc_feat_ornament
D:2:      grunt_decor_fettered
D:3:      evilmike_ruin_ashenzari, first_ration, uniq_sigmund, uniq_ijyb
D:4:      lemuel_round_altar, lemuel_coloured_pillars_altar, bloody_trog,
          amethyst_overflow_temple_binary, minmay_shop_grid_forest,
          uniq_blork_the_orc
D:5:      serial_shops, shop, grunt_ministairs_9
D:6:      minmay_temple_entry_junction
D:7:      elyvilon_altar_4, grunt_ogre_cave

Skill      XL: |  1  2  3  4  5  6  7  8  9 |
---------------+----------------------------+-----
Fighting       | 1 2 3 4 |  4.1
Spellcasting   | 4 5 |  5.8
Stealth        | 4 5 |  5.9
Dodging        | 3 4 |  4.1
Short Blades   | 2 4 8 |  8.0
Hexes          | 5 |  5.7
Shields        | 2 4 |  4.2

Action                   |  1- 3 |  4- 6 |  7- 9 || total
-------------------------+-------+-------+-------++-------
Melee: Dagger            |   149 |   158 |    16 ||   323
       Rapier            |       |       |   230 ||   230
 Cast: Corona            |     9 |       |       ||     9
       Ensorcelled Hiber |    28 |    33 |    11 ||    72
       Confuse           |    11 |    18 |    23 ||    52
       Tukima's Dance    |     1 |     5 |     3 ||     9
       Dazzling Spray    |       |     7 |     7 ||    14
Invok: Curse Item        |       |       |     4 ||     4
  Use: Potion            |       |     6 |     1 ||     7
 Stab: Sleeping          |    19 |    23 |    27 ||    69
       Confused          |     3 |     6 |     4 ||    13
       Distracted        |       |       |     1 ||     1
  Eat: Chunk             |     7 |     6 |    13 ||    26
       Ration            |       |     1 |       ||     1
Armor: Robe              |    32 |    19 |    21 ||    72
Dodge: Dodged            |   105 |   110 |   137 ||   352

Table legend:
 A = Spawn XP
 B = Non-spawn XP
 C = Spawn XP percentage of total XP
 D = Spawn monster count
 E = Non-spawn monster count
 F = Spawn count percentage of total count
 G = Total turns spent on level
                    A         B        C        D         E        F      G
               +---------+---------+-------+---------+---------+-------+---------
         Total |       0 |    3850 |   0.0 |       0 |     162 |   0.0 |  8704
               +---------+---------+-------+---------+---------+-------+---------
           D:1 |       0 |      66 |   0.0 |       0 |      31 |   0.0 |  1675
           D:2 |       0 |     103 |   0.0 |       0 |      23 |   0.0 |  1655
           D:3 |       0 |     282 |   0.0 |       0 |      15 |   0.0 |  1051
           D:4 |       0 |     445 |   0.0 |       0 |      21 |   0.0 |  1862
           D:5 |       0 |     538 |   0.0 |       0 |      11 |   0.0 |   604
           D:6 |       0 |     625 |   0.0 |       0 |      23 |   0.0 |   955
           D:7 |       0 |     879 |   0.0 |       0 |      22 |   0.0 |   669
           D:8 |       0 |     912 |   0.0 |       0 |      16 |   0.0 |   233
               +---------+---------+-------+---------+---------+-------+---------
